 Dungeon Crawl Stone Soup version 0.31-a0-596-g831eee08f1 (webtiles) character file.

Game seed: 884807921827496037

79 thirtiethelement the Chopper (level 4, -1/36 HPs)
             Began as a Demonspawn Cinder Acolyte on Aug 21, 2023.
             Was a High Priest of Ignis.
             Killed from afar by an orc wizard (2 damage)
             ... with a puff of flame
             ... on level 3 of the Dungeon.
             The game lasted 00:04:05 (1541 turns).

thirtiethelement the Chopper (DsCA)                 Turns: 1541, Time: 00:04:06

Health: -1/36      AC: 10    Str: 17    XL:     4   Next: 17%
Magic:  5/5        EV: 11    Int: 15    God:    Ignis [*****.]
Gold:   99         SH:  0    Dex:  8    Spells: 3/5 levels left

rFire   + . .        a - -1 hand axe (flame)
rCold   . . .        (no shield)
rNeg    . . .        g - +0 leather armour
rPois   .            (helmet restricted)
rElec   .            (no cloak)
rCorr   .            (no gloves)
SInv    .            (no boots)
Will    .....        (no amulet) Stlth
                     (no ring)
HPRegen 0.26/turn    (no ring)
MPRegen 0.09/turn

%: no passive effects
@: confused, fiery-armoured
A: antennae 1, hooves 1
a: Renounce Religion, Fiery Armour, Foxfire Swarm, Rising Flame


You were on level 3 of the Dungeon.
You worshipped Ignis.
Ignis was extremely pleased with you.
You visited 1 branch of the dungeon, and saw 3 of its levels.

You collected 99 gold pieces.

Inventory:

Hand Weapons
 a - a -1 hand axe of flaming (weapon)
Missiles
 b - 5 javelins (quivered)
Armour
 g - a +0 leather armour (worn)
Talismans
 l - a blade talisman
Scrolls
 d - 2 scrolls of vulnerability {unknown}
 e - a scroll of immolation {unknown}
 f - 2 scrolls of identify {unknown}
 h - a scroll of fog {unknown}
Potions
 i - a potion of might {unknown}
 j - a potion of lignification {unknown}
 k - a potion of enlightenment {unknown}


   Skills:
 + Level 3.6 Fighting
 + Level 3.8 Axes
 + Level 0.5 Armour
 + Level 0.3 Dodging
 + Level 1.0 Spellcasting
 + Level 2.8 Fire Magic


You had 3 spell levels left.
You knew the following spells:

 Your Spells              Type           Power      Damage    Failure   Level
a - Scorch                Fire           18%        2d5       14%         2

Your spell library contained the following spells:

 Spells                   Type           Power      Damage    Failure   Level


Dungeon Overview and Level Annotations

Branches:
Dungeon (3/15)

Altars:


Innate Abilities, Weirdness & Mutations

You have a pair of small antennae on your head.
You have large cloven feet.


Message History

* * * LOW HITPOINT WARNING * * *
You feel better. The orc hits you but does no damage.
You hear some strange, mumbled words.
A magic dart appears from out of thin air!
The magic dart hits you.
* * * LOW HITPOINT WARNING * * *
The orc hits you with a +0 club.
* * * LOW HITPOINT WARNING * * *
The orc attacks as it pursues you! The orc barely misses you.
Something hits you but does no damage. The orc attacks as it pursues you!
The orc closely misses you. Something hits you but does no damage.
The orc attacks as it pursues you! The orc closely misses you.
You feel better. The orc hits you with a +0 war axe!
* * * LOW HITPOINT WARNING * * *
You feel better. The orc hits you with a +0 war axe.
* * * LOW HITPOINT WARNING * * *
A protective cloak of flame settles atop you.
The orc hits you with a +0 war axe.
* * * LOW HITPOINT WARNING * * *
The orc is burned by your cloak of flames.
You kill the orc!
You hit something but do no damage. Your kick misses something.
You hear some strange, mumbled words.
A puff of flame appears from out of thin air!
The puff of flame hits you but does no damage.
You closely miss something. Your kick misses something.
You hear some strange, mumbled words.
You are confused.
Unknown command.
You bump into the rock wall.
Something hits you.
* * * LOW HITPOINT WARNING * * *
You bump into the rock wall.
You hear some strange, mumbled words.
You are more confused.
You bump into the rock wall.
You hear some strange, mumbled words.
A puff of flame appears from out of thin air!
The puff of flame hits you. You resist.
You die...

#.. . ##### #.# .#
.# ...###.## .# .#
####......###.###.#
....<..............
.#............# .#
#.#####..).### .#
#. #†#...####.# #
#.....)o{@)#
###...###### ##.##
#.# #.# #.# #.# #.#


You could see an orc.

Vanquished Creatures
  An adder (D:2)
  2 worms (D:2)
  2 dart slugs
  2 orcs (D:3)
  3 bats
  4 endoplasms
  A giant cockroach (D:2)
  7 goblins
  7 hobgoblins
  6 kobolds
  5 quokkas
  6 ball pythons
  3 frilled lizards
  4 rats
53 creatures vanquished.

Notes
Turn   | Place    | Note
-------+----------+-------------------------------------------
     0 | D:1      | thirtiethelement the Demonspawn Cinder Acolyte began the
                  | quest for the Orb.
     0 | D:1      | Reached XP level 1. HP: 18/18 MP: 2/2
   202 | D:1      | Discovered your monstrous ancestry.
   202 | D:1      | Gained mutation: You have a pair of small antennae on your
                  | head. [demonic ancestry]
   202 | D:1      | Reached XP level 2. HP: 24/24 MP: 3/3
   465 | D:1      | HP: 1/24 [quokka (4)]
   472 | D:1      | Learned a level 2 spell: Scorch
   662 | D:1      | Gained mutation: You have large cloven feet. [demonic
                  | ancestry]
   662 | D:1      | Reached XP level 3. HP: 29/29 MP: 4/4
  1385 | D:2      | Reached XP level 4. HP: 36/36 MP: 5/5
  1538 | D:3      | HP: 1/36 [something (4)]
  1541 | D:3      | Killed from afar by an orc wizard

Illustrated notes

Levels and vault maps discovered:
D:1:      dpeg_arrival_concentric_ovals, layout_loops_ring
D:2:      layout_rooms, minivault_5
D:3:      layout_loops_ring, nicolae_dithmenos_the_darkroom,
          cheibrodos_sewer_entry_sluice, item_on_display_b, uniq_sigmund,
          uniq_natasha

Skill      XL: |  1 |
---------------+----+-----
Axes           | 3 |  3.8
Fighting       | |  3.6
Armour         | |  0.5
Dodging        | |  0.3
Spellcasting   | |  1.0
Fire Magic     | |  2.8

Action                     |  1- 3 |  4- 6 || total
---------------------------+-------+-------++-------
  Melee: Hand axe          |   131 |    19 ||   150
         Punch             |     2 |       ||     2
         Kick              |    14 |     2 ||    16
   Cast: Scorch            |     1 |       ||     1
 Invoke: Fiery Armour      |       |     1 ||     1
    Use: Potion            |       |     4 ||     4
 Armour: Robe              |     5 |       ||     5
         Leather armour    |    24 |     9 ||    33
  Dodge: Dodged            |    69 |    18 ||    87

Table legend: (Time is in decaauts)
 A = Elapsed time spent in this place.
 B = Non-inter-level travel time spent in this place.
 C = Inter-level travel time spent in this place.
 D = Time resting spent in this place.
 E = Time spent auto-exploring this place.
 F = Levels seen in this place.
 G = Mean time per level.
                   A        B        C        D        E       F      G
               +--------+--------+--------+--------+--------+-----+--------+
         Total |   1559 |   1530 |     29 |      0 |   1151 |   3 |  519.7 |
       Dungeon |   1559 |   1530 |     29 |      0 |   1151 |   3 |  519.7 |
               +--------+--------+--------+--------+--------+-----+--------+

Top non-repeatable levels by time:
     D:1: 872 daAuts
     D:2: 646 daAuts
     D:3: 41 daAuts
